 Dungeon Crawl Stone Soup version 0.13.1-2-gfb2c2b7 (webtiles) character file.

728 Lilouch the Skirmisher (level 6, -2/47 HPs)
             Began as a Demonspawn Chaos Knight on Dec 8, 2013.
             Was a Plaything of Xom.
             Killed from afar by an electric eel (7 damage)
             ... with a bolt of electricity
             ... in a sewer.
             The game lasted 00:13:01 (3076 turns).

Lilouch the Skirmisher (Demonspawn Chaos Knight)    Turns: 3076, Time: 00:13:02

HP  -2/47        AC 12     Str 15      XL: 6   Next: 95%
MP   6/6         EV 11     Int 13      God: Xom
Gold 227         SH 10     Dex 15      Spells:  0 memorised,  5 levels left

Res.Fire  : . . .   See Invis. : .   a - +1,+0 spear (chaos) {=f}
Res.Cold  : . . .   Warding    : .   b - +2 leather armour
Life Prot.: + . .   Conserve   : .   q - +0 buckler
Res.Poison: .       Res.Corr.  : .   (no helmet)
Res.Elec. : .       Clarity    : .   B - +0 cloak
Sust.Abil.: . .     Spirit.Shd : .   (no gloves)
Res.Mut.  : .       Stasis     : .   y - +0 pair of orc boots
Res.Rott. : .       Flight     : .   (no amulet)
Saprovore : . . .                    t - ring of positive energy {unknown}
                                     p - ring "Suawaezu" {AC+3 Dex+3 Dam+3}

@: slightly resistant to hostile enchantments, very unstealthy
A: conserve scrolls, spiny 1, AC +2
a: Renounce Religion


You were in a sewer.
You worshipped Xom.
You were a very special plaything of Xom.
You were not hungry.

You visited 1 branch of the dungeon, and saw 3 of its levels.
You also visited: Sewer.

You collected 207 gold pieces.

Inventory:

Hand weapons
 a - a +1,+0 spear of chaos (weapon) {=f}
 g - a +0,+1 orcish dagger (quivered)
Missiles
 d - 21 sling bullets
 s - 18 silver bolts
 H - 4 curare-tipped needles
Armour
 b - a +2 leather armour (worn)
 j - a +0 elven large shield
 q - a +0 buckler (worn)
 y - a +0 pair of orcish boots (worn)
 B - a +0 cloak (worn)
Magical devices
 n - a wand of flame (14)
Comestibles
 c - 3 bread rations
 v - a choko
 A - a lychee
 I - a chunk of rat flesh
 K - a rotting chunk of grey rat flesh
 L - 2 rotting chunks of rat flesh
 M - a rotting chunk of grey rat flesh
 O - a rotting chunk of rat flesh
Scrolls
 i - a scroll of curse armour {unknown}
 o - 2 scrolls of teleportation
 u - 2 scrolls of remove curse {unknown}
 D - a scroll of magic mapping {unknown}
 E - a scroll of curse jewellery {unknown}
 F - a scroll of curse weapon {unknown}
Jewellery
 p - the ring "Suawaezu" (left hand) {AC+3 Dex+3 Dam+3}
   (Xom gifted it to you on level 1 of the Dungeon)

   [ring of protection]

   It affects your AC (+3).
   It affects your dexterity (+3).
   It affects your damage-dealing abilities (+3).
 t - a ring of positive energy (right hand) {unknown}
Potions
 f - 3 potions of restore abilities
 h - a potion of slowing {unknown}
 k - 2 potions of degeneration {unknown}
 l - a potion of speed {unknown}
 m - a potion of heal wounds {unknown}
 r - a potion of mutation {unknown}
 w - a potion of poison {unknown}
 z - a potion of paralysis {unknown}
 C - a potion of invisibility {unknown}
Books
 x - a book of Control

   Spells                             Type                      Level
   Control Teleport                   Charms/Translocation         4
   Control Undead                     Necromancy                   4
   Enslavement                        Hexes                        4
   Mass Confusion                     Hexes                        6
   Metabolic Englaciation             Hexes/Ice                    6


   Skills:
 + Level 4.6 Fighting
 + Level 4.0 Polearms
 + Level 3.0 Armour
 - Level 1.2 Dodging
 * Level 3.8 Shields


You had 5 spell levels left.
You didn't know any spells.

Dungeon Overview and Level Annotations

Branches:
Dungeon (3/27)

Altars:
Kikubaaqudgha


Innate Abilities, Weirdness & Mutations

You are partially covered in thin metallic scales (AC +2).
You are very good at protecting items from fire.
You are partially covered in sharp spines.


Message History

Quiver which item? (- for none, * to show all) (? for menu, Esc to quit)
Okay, then.
Drink which item? (? for menu, Esc to quit)
You feel refreshed.
It was a potion of restore abilities.
Xom thinks this is hilarious!
Drink which item? (? for menu, Esc to quit)
You feel better.
It was a potion of curing.
You barely miss it. The bolt of electricity hits you!
* * * LOW HITPOINT WARNING * * *
Your unstable footing causes you to fumble your attack.
Your unstable footing causes you to fumble your attack.
The bolt of electricity hits you!
* * * LOW HITPOINT WARNING * * *
Drink which item? (? for menu, Esc to quit)
You feel better. The bolt of electricity hits you!
* * * LOW HITPOINT WARNING * * *
The bolt of electricity hits you!
* * * LOW HITPOINT WARNING * * *
The bolt of electricity hits you!
You die...

########################
#...≈≈≈≈≈≈≈≈≈≈≈≈≈≈≈≈≈≈.#
.....≈≈≈≈≈≈≈≈≈≈≈≈≈≈≈≈≈..
#....≈≈≈{§%≈≈≈≈≈≈≈≈≈≈≈≈..
#....≈≈≈@%≈≈≈≈≈≈≈≈≈≈≈≈...
#....≈≈≈≈≈≈≈≈≈≈≈≈≈≈≈≈≈≈..
#....≈≈≈≈≈≈≈≈≈≈≈≈≈≈≈≈≈%.
#+#####################.
## + # # #


There were no monsters in sight!

Vanquished Creatures
  A centaur (D:3)
  2 giant frogs (Sewer)
  Ijyb (D:2)
  Terence (D:3)
  9 adders
  3 green rats
  A giant mite (D:3)
  An inept item mimic (D:2)
  A worm (D:3)
  15 grey rats
  3 giant geckos
  2 oozes (D:3)
  2 orcs (D:2)
  11 ball pythons (Sewer)
  8 giant cockroaches
  9 hobgoblins
  8 jackals
  3 quokkas (D:2)
  8 bats
  7 giant newts
  7 goblins
  7 kobolds
  12 rats
122 creatures vanquished.

Vanquished Creatures (collateral kills)
  2 adders (Sewer)
  A green rat (Sewer)
  A grey rat (Sewer)
  2 ball pythons (Sewer)
  2 rats (Sewer)
8 creatures vanquished.

Grand Total: 130 creatures vanquished

Notes
Turn   | Place    | Note
--------------------------------------------------------------
     0 | D:1      | Lilouch, the Demonspawn Chaos Knight, began the quest for the Orb.
     0 | D:1      | Reached XP level 1. HP: 16/16 MP: 1/1
    11 | D:1      | Reached skill level 1 in Dodging
   222 | D:1      | Gained mutation: You are partially covered in thin metallic scales (AC +2). [demonic ancestry]
   222 | D:1      | Reached XP level 2. HP: 22/22 MP: 2/2
   313 | D:1      | XOM: harmless Trmt miscast
   320 | D:1      | XOM: polymorph bat -> giant cockroach
   413 | D:1      | XOM: polymorph giant gecko -> giant cockroach
   557 | D:1      | XOM: god gift: slimy turquoise ring {god gift}
   558 | D:1      | Got a slimy turquoise ring {god gift}
   876 | D:2      | XOM: divination: detect creatures
   894 | D:2      | Gained mutation: You are partially covered in sharp spines. [demonic ancestry]
   894 | D:2      | Reached XP level 3. HP: 22/28 MP: 3/3
   951 | D:2      | XOM: 5-stop teleportation journey
   955 | D:2      | Reached skill level 1 in Shields
  1010 | D:2      | XOM: vitrification
  1058 | D:2      | Noticed Ijyb
  1218 | D:2      | Reached XP level 4. HP: 30/34 MP: 4/4
  1286 | D:2      | Found an ancient bone altar of Kikubaaqudgha.
  1329 | D:2      | XOM: medium Erth miscast
  1499 | D:2      | XOM: harmless Hex miscast
  1843 | D:2      | Killed Ijyb
  2061 | D:2      | XOM: noise
  2081 | D:2      | Identified the ring "Suawaezu" {AC+3 Dex+3 Dam+3} (Xom gifted it to you on level 1 of the Dungeon)
  2085 | D:3      | Noticed a centaur
  2096 | D:3      | Killed a centaur
  2096 | D:3      | Reached XP level 5. HP: 40/40 MP: 5/5
  2230 | D:3      | Reached skill level 4 in Fighting
  2459 | D:3      | XOM: harmless Erth miscast
  2527 | D:3      | Noticed Terence
  2535 | D:3      | Killed Terence
  2709 | D:3      | Found a glowing drain.
  2742 | Sewer    | Entered a sewer
  2761 | Sewer    | Gained mutation: You are very good at protecting items from fire. [demonic ancestry]
  2761 | Sewer    | Reached XP level 6. HP: 44/47 MP: 6/6
  2960 | Sewer    | XOM: summons 6 friendly demons
  2998 | Sewer    | XOM: colour smoke trail
  3011 | Sewer    | XOM: confuse monster(s)
  3025 | Sewer    | XOM: polymorph ball python -> bat
  3038 | Sewer    | XOM: enchant monster (good)
  3051 | Sewer    | XOM: polymorph adder -> electric eel
  3076 | Sewer    | Killed from afar by an electric eel

Action                   |  1- 3 |  4- 6 || total
-------------------------+-------+-------++-------
Melee: Spear             |   157 |   282 ||   439
  Use: Scroll            |     4 |     2 ||     6
       Potion            |       |     3 ||     3
 Stab: Petrifying        |     1 |       ||     1
       Sleeping          |       |     1 ||     1
